 Dungeon Crawl Stone Soup version 0.29.1-1-gd02db6906a (webtiles) character file.

Game seed: 4785093342144162753

221 MisterFreud the Covert (level 5, 0/43 (47) HPs)
             Began as a Gnoll Delver on Oct 11, 2022.
             Slain by a gnoll
             ... wielding a +0 spear
              (4 damage)
             ... on level 5 of the Dungeon.
             The game lasted 00:01:07 (784 turns).

MisterFreud the Covert (Gnoll Delver)                Turns: 784, Time: 00:01:08

HP:   0/43 (47)     AC:  4    Str: 12    XL:     5   Next: 98%
MP:   7/7           EV: 13    Int: 11    God:
Gold: 17            SH:  0    Dex: 13    Spells: 7/7 levels left

rFire   . . .      SeeInvis .   a - +0 short sword
rCold   . . .      Faith    .   (no shield)
rNeg    . . .      Spirit   .   b - +0 leather armour
rPois   .          Reflect  .   j - +0 helmet
rElec   .          Harm     .   (no cloak)
rCorr   .          Rampage  .   (no gloves)
Will    .....                   (no boots)
Stlth   ++++......              (no amulet)
HPRegen 0.14/turn               (no ring)
MPRegen 0.10/turn               (no ring)

@: mighty, drained
A: fangs 1, strong nose, distributed training
a: no special abilities


You were on level 5 of the Dungeon.
You visited 1 branch of the dungeon, and saw 3 of its levels.

You collected 17 gold pieces.

Inventory:

Hand Weapons
 a - a +0 short sword (weapon)
Missiles
 h - 2 poisoned darts (quivered)
Armour
 b - a +0 leather armour (worn)
 j - a +0 helmet (worn)
Wands
 g - a wand of digging (3)
Scrolls
 c - a scroll of fog
 d - a scroll of magic mapping
 e - a scroll of fear
Potions
 f - 2 potions of haste


   Skills:
 + Level 6.8 Fighting
 + Level 4.9 Short Blades
 + Level 1.8 Long Blades
 + Level 1.8 Axes
 + Level 1.8 Maces & Flails
 + Level 1.8 Polearms
 + Level 1.8 Staves
 + Level 1.8 Ranged Weapons
 + Level 1.8 Throwing
 + Level 1.8 Armour
 + Level 4.9 Dodging
 + Level 9.7 Stealth
 + Level 1.8 Shields
 + Level 1.8 Unarmed Combat
 + Level 1.8 Spellcasting
 + Level 1.4 Conjurations
 + Level 1.4 Hexes
 + Level 1.4 Summonings
 + Level 1.4 Necromancy
 + Level 1.4 Translocations
 + Level 1.4 Transmutations
 + Level 1.4 Fire Magic
 + Level 1.4 Ice Magic
 + Level 1.4 Air Magic
 + Level 1.4 Earth Magic
 + Level 1.4 Poison Magic
 + Level 2.0 Invocations
 + Level 1.8 Evocations


You had 7 spell levels left.
You didn't know any spells.
Your spell library was empty.

Dungeon Overview and Level Annotations

Branches:
Dungeon (6/15)
 Temple: D:4-7

Altars:


Innate Abilities, Weirdness & Mutations

You have very sharp teeth.
Your uncanny sense of smell can sniff out nearby items.
Your experience applies equally to all skills.


Message History

The gnoll hits you with a +0 club.
You closely miss the gnoll.
The gnoll is heavily wounded.
The gnoll barely misses you.
You hit the gnoll but do no damage.
The gnoll is heavily wounded.
The gnoll hits you with a +0 club.
You closely miss the gnoll.
The gnoll is heavily wounded.
The gnoll barely misses you.
You barely miss the gnoll.
The gnoll is heavily wounded.
The gnoll closely misses you.
You hit the gnoll. You bite the gnoll, but do no damage.
The gnoll is severely wounded.
You hit the gnoll but do no damage.
The gnoll is severely wounded.
The gnoll hits you with a +0 club!
You hit the gnoll.
The gnoll is almost dead.
The gnoll hits you with a +0 club.
You hit the gnoll.
You kill the gnoll!
You hit the gnoll. You bite the gnoll, but do no damage.
The gnoll is lightly wounded.
The gnoll hits you with a +0 club.
* * * LOW HITPOINT WARNING * * *
The gnoll hits you from afar with a +0 spear!
* * * LOW HITPOINT WARNING * * *
The gnoll attacks as you move away! The gnoll misses you.
Unknown command.
There is an open door here.
The gnoll attacks as you move away! The gnoll hits you with a +0 club.
* * * LOW HITPOINT WARNING * * *
The gnoll attacks as you move away! The gnoll barely misses you.
It was a potion of might.
You feel very mighty all of a sudden. The gnoll hits you but does no damage.
The gnoll hits you from afar with a +0 spear.
You die...

.......'...........# #.
########....#'###### #.
#.....##.)## ##.
#.....###..## #<. #.[...#
##..## ##. ###.....# ##..#
####. +.......# ##.####
#..'.
####'#g#######....###.##.
#g#.g@..........##.##.
#######.#.###########..#.##.
+.......#.....# ...#....##.
##....#######.#.###.#.#..###
∆ #...=# #.#.......#.....
#....# #.#####.#####..#
#..g.# #.# #.# ##.# #....# ∆
#.#####.# #.# #....#
#....##.#### #..


You could see 2 gnolls.

Vanquished Creatures
  An ogre (D:5)
  A necrophage (D:5)
  A hound (D:5)
  A gnoll (D:5)
  An adder (D:5)
  2 shadow imps (D:5)
  An ufetubus (D:5)
8 creatures vanquished.

Notes
Turn   | Place    | Note
-------+----------+-------------------------------------------
     0 | D:5      | Reached skill level 9 in Stealth
     0 | D:5      | MisterFreud the Gnoll Delver began the quest for the Orb.
     0 | D:5      | Reached XP level 1. HP: 23/23 MP: 1/1
    38 | D:5      | Noticed a hound
    43 | D:5      | Killed a hound
    44 | D:5      | Reached XP level 2. HP: 29/29 MP: 1/3
    44 | D:5      | Reached XP level 3. HP: 35/35 MP: 1/4
    46 | D:4      | You fall into a shaft and drop 1 floor!
    89 | D:5      | Reached skill level 1 in Invocations
   130 | D:5      | Noticed an ogre
   135 | D:5      | Killed an ogre
   136 | D:5      | Reached skill level 1 in Long Blades
   136 | D:5      | Reached skill level 1 in Axes
   136 | D:5      | Reached skill level 1 in Maces & Flails
   136 | D:5      | Reached skill level 1 in Polearms
   136 | D:5      | Reached skill level 1 in Staves
   136 | D:5      | Reached skill level 1 in Ranged Weapons
   136 | D:5      | Reached skill level 1 in Throwing
   136 | D:5      | Reached skill level 1 in Armour
   136 | D:5      | Reached skill level 1 in Shields
   136 | D:5      | Reached skill level 1 in Unarmed Combat
   136 | D:5      | Reached skill level 1 in Spellcasting
   136 | D:5      | Reached skill level 1 in Conjurations
   136 | D:5      | Reached skill level 1 in Hexes
   136 | D:5      | Reached skill level 1 in Summonings
   136 | D:5      | Reached skill level 1 in Necromancy
   136 | D:5      | Reached skill level 1 in Translocations
   136 | D:5      | Reached skill level 1 in Transmutations
   136 | D:5      | Reached skill level 1 in Fire Magic
   136 | D:5      | Reached skill level 1 in Ice Magic
   136 | D:5      | Reached skill level 1 in Air Magic
   136 | D:5      | Reached skill level 1 in Earth Magic
   136 | D:5      | Reached skill level 1 in Poison Magic
   136 | D:5      | Reached skill level 1 in Evocations
   136 | D:5      | Reached XP level 4. HP: 41/41 MP: 4/6
   136 | D:5      | Reached XP level 5. HP: 47/47 MP: 4/7
   454 | D:5      | HP: 1/37 [necrophage (6)]
   784 | D:5      | Slain by a gnoll

Illustrated notes

Levels and vault maps discovered:
D:4:      layout_cave_pools, amethyst_killhole
D:5:      layout_basic, amcnicky_altar_gilded, kennysheep_decorative_pillar,
          hellmonk_bongcloud_opening
D:6:      layout_basic, kennysheep_windowed_goal

Skill      XL: |  1  2  3  4  5 |
---------------+----------------+-----
Stealth        | |  9.7
Invocations    | 1 2 |  2.0
Long Blades    | 1 |  1.8
Axes           | 1 |  1.8
Maces & Flails | 1 |  1.8
Polearms       | 1 |  1.8
Staves         | 1 |  1.8
Ranged Weapons | 1 |  1.8
Throwing       | 1 |  1.8
Armour         | 1 |  1.8
Shields        | 1 |  1.8
Unarmed Combat | 1 |  1.8
Spellcasting   | 1 |  1.8
Conjurations   | 1 |  1.4
Hexes          | 1 |  1.4
Summonings     | 1 |  1.4
Necromancy     | 1 |  1.4
Translocations | 1 |  1.4
Transmutations | 1 |  1.4
Fire Magic     | 1 |  1.4
Ice Magic      | 1 |  1.4
Air Magic      | 1 |  1.4
Earth Magic    | 1 |  1.4
Poison Magic   | 1 |  1.4
Evocations     | 1 |  1.8
Fighting       | |  6.8
Short Blades   | |  4.9
Dodging        | |  4.9

Action                   |  1- 3 |  4- 6 || total
-------------------------+-------+-------++-------
Melee: Short sword       |     3 |    73 ||    76
       Bite              |       |    12 ||    12
       Punch             |       |     2 ||     2
  Use: Potion            |       |     1 ||     1
 Stab: Sleeping          |     3 |       ||     3
Armor: Leather armour    |       |     7 ||     7
Dodge: Dodged            |       |    37 ||    37
